[ AOE2 MATCH · #465516189 ]
Team RMVietnamese vs Britons
[ REPLAY ANALYSIS · EXTRACTED FROM THE RECORDED GAME ]
Feudal
10:37
Castle
15:56
Imperial
25:26
| APM avg | 32.2 |
| APM peak | 72 |
| eAPM avg | 17.9 |
| Villagers / military | 110 / 24 |
Focus
⚔️ 18.4% · 🌾 81.6%
Rattan Archer ×21 · Trebuchet (Packed) ×3
Feudal
10:56
Castle
15:16
Imperial
28:49
| APM avg | 23.9 |
| APM peak | 42 |
| eAPM avg | 16.4 |
| Villagers / military | 146 / 141 |
Focus
⚔️ 36.0% · 🌾 64.0%
Spearman ×72 · Archer ×55 · Battering Ram ×9 · Trade Cart ×6 · Trebuchet (Packed) ×3 · Longbowman ×2
Feudal
10:16
Castle
16:00
Imperial
29:14
| APM avg | 35.0 |
| APM peak | 70 |
| eAPM avg | 21.6 |
| Villagers / military | 99 / 94 |
Focus
⚔️ 22.2% · 🌾 77.8%
Knight ×56 · Scout Cavalry ×35 · Monk ×2 · Trebuchet (Packed) ×1
Feudal
10:11
Castle
14:28
Imperial
24:25
| APM avg | 20.0 |
| APM peak | 66 |
| eAPM avg | 12.2 |
| Villagers / military | 82 / 44 |
Focus
⚔️ 26.4% · 🌾 73.6%
Karambit Warrior ×41 · Trebuchet (Packed) ×3
Feudal
11:21
Castle
15:03
Imperial
30:32
| APM avg | 14.0 |
| APM peak | 32 |
| eAPM avg | 11.1 |
| Villagers / military | 138 / 116 |
Focus
⚔️ 21.2% · 🌾 78.8%
Scout Cavalry ×68 · Battering Ram ×33 · Mangudai ×15
Feudal
12:37
Castle
16:34
Imperial
21:18
| APM avg | 16.8 |
| APM peak | 48 |
| eAPM avg | 11.0 |
| Villagers / military | 100 / 43 |
Focus
⚔️ 19.3% · 🌾 80.7%
Hand Cannoneer ×18 · Scout Cavalry ×15 · Bombard Cannon ×6 · Monk ×2 · Camel Scout ×2
Feudal
11:49
Castle
16:32
Imperial
28:51
| APM avg | 27.9 |
| APM peak | 65 |
| eAPM avg | 14.5 |
| Villagers / military | 113 / 32 |
Focus
⚔️ 17.8% · 🌾 82.2%
Samurai ×27 · Battering Ram ×4 · Monk ×1
Feudal
10:20
Castle
14:04
Imperial
28:18
| APM avg | 26.9 |
| APM peak | 93 |
| eAPM avg | 15.4 |
| Villagers / military | 145 / 36 |
Focus
⚔️ 23.7% · 🌾 76.3%
Unknown (2550) ×171 · Spearman ×30 · Trebuchet (Packed) ×5 · Monk ×1
Match map
Initial resources + every placement click. Lines = walls · curves = elevation contours. ◆ gold · ⬟ stone · ● berries · ✦ relic · ◌ wall gap
Your base· ✓ Closed at 15:56 · 13t walls · 3 gate(s)
Clitinho's base· ✓ Closed at 15:16 · 0t walls · 2 gate(s)
Rbofff's base· ✓ Closed at 16:00 · 0t walls · 2 gate(s)
Barba_Tiesa's base· ✓ Closed at 14:28 · 0t walls · 3 gate(s)
pindiboy's base· ✓ Closed at 15:03 · 0t walls · 2 gate(s)
myckro's base· ✓ Closed at 16:34 · 0t walls · 2 gate(s)
IrRéelle's base· ✓ Closed at 16:32 · 0t walls · 3 gate(s)
Donald Trump's base· ✓ Closed at 14:04 · 0t walls · 3 gate(s)
Smoothed initial terrain · ◌ = detected wall gap · hover for details
Inputs per minute
— 乐乐真可爱吖 - - Clitinho
Build order — 乐乐真可爱吖
First 150 of 210 actions detected
| 0:01 | Create | Villager (Male) |
| 0:02 | Create | Villager (Male) |
| 0:03 | Build | House |
| 0:04 | Build | House |
| 0:11 | Create | Villager (Male) |
| 0:12 | Create | Villager (Male) |
| 0:12 | Create | Villager (Male) |
| 0:57 | Build | Palisade Gate |
| 1:06 | Build | Palisade Wall |
| 1:15 | Build | Palisade Wall |
| 1:18 | Build | Palisade Wall |
| 1:23 | Build | Palisade Wall |
| 1:30 | Build | Palisade Wall |
| 1:33 | Build | Palisade Wall |
| 1:34 | Create | Villager (Male) |
| 1:34 | Create | Villager (Male) |
| 1:38 | Build | Palisade Wall |
| 1:40 | Build | Palisade Wall |
| 1:47 | Create | Villager (Male) |
| 1:47 | Create | Villager (Male) |
| 1:48 | Create | Villager (Male) |
| 2:08 | Build | Palisade Wall |
| 2:12 | Build | Palisade Wall |
| 2:18 | Build | Palisade Wall |
| 2:21 | Build | Palisade Wall |
| 2:23 | Build | Palisade Wall |
| 2:31 | Create | Villager (Male) |
| 2:32 | Create | Villager (Male) |
| 2:32 | Create | Villager (Male) |
| 2:56 | Create | Villager (Male) |
| 2:57 | Create | Villager (Male) |
| 3:14 | Create | Villager (Male) |
| 3:14 | Create | Villager (Male) |
| 3:37 | Build | House |
| 3:44 | Create | Villager (Male) |
| 3:44 | Create | Villager (Male) |
| 3:45 | Create | Villager (Male) |
| 4:49 | Create | Villager (Male) |
| 4:49 | Create | Villager (Male) |
| 4:50 | Create | Villager (Male) |
| 5:09 | Build | House |
| 5:14 | Create | Villager (Male) |
| 5:15 | Create | Villager (Male) |
| 5:28 | Create | Villager (Male) |
| 5:39 | Build | Lumber Camp |
| 7:07 | Create | Villager (Male) |
| 7:39 | Build | Mill |
| 8:02 | Create | Villager (Male) |
| 8:13 | Research | Feudal Age |
| 8:23 | Build | House |
| 9:10 | Build | Mining Camp |
| 9:51 | Create | Villager (Male) |
| 9:51 | Create | Villager (Male) |
| 9:53 | Create | Villager (Male) |
| 10:37 | Age | Feudal Age |
| 10:40 | Build | Market |
| 10:43 | Build | Blacksmith |
| 11:17 | Build | Farm |
| 11:21 | Build | Farm |
| 11:38 | Build | Farm |
| 11:39 | Create | Villager (Male) |
| 11:45 | Build | Farm |
| 12:15 | Create | Villager (Male) |
| 12:23 | Build | Mining Camp |
| 12:51 | Create | Villager (Male) |
| 13:13 | Research | Castle Age |
| 13:45 | Build | House |
| 13:47 | Build | House |
| 13:57 | Research | Double-Bit Axe |
| 14:02 | Research | Horse Collar |
| 14:18 | Create | Villager (Male) |
| 14:18 | Create | Villager (Male) |
| 14:18 | Create | Villager (Male) |
| 15:02 | Build | Farm |
| 15:02 | Build | Farm |
| 15:02 | Build | Farm |
| 15:56 | Age | Castle Age |
| 16:18 | Build | Castle |
| 16:21 | Create | Villager (Male) |
| 16:21 | Create | Villager (Male) |
| 16:22 | Create | Villager (Male) |
| 16:41 | Build | Lumber Camp |
| 17:14 | Create | Villager (Male) |
| 17:15 | Create | Villager (Male) |
| 17:15 | Create | Villager (Male) |
| 17:23 | Build | Siege Workshop |
| 17:36 | Create | Villager (Male) |
| 17:37 | Create | Villager (Male) |
| 17:57 | Create | Villager (Male) |
| 17:57 | Create | Villager (Male) |
| 18:32 | Create | Villager (Male) |
| 19:07 | Create | Villager (Male) |
| 19:08 | Create | Villager (Male) |
| 19:14 | Build | Farm |
| 19:15 | Build | Farm |
| 19:15 | Build | Farm |
| 19:15 | Build | Farm |
| 19:16 | Build | Farm |
| 19:16 | Build | Farm |
| 19:16 | Build | Farm |
| 19:32 | Build | Farm |
| 19:32 | Build | Farm |
| 19:37 | Build | Farm |
| 19:37 | Build | Farm |
| 19:37 | Build | Farm |
| 20:55 | Create | Villager (Male) |
| 20:58 | Build | Farm |
| 22:16 | Research | Imperial Age |
| 22:16 | Research | Imperial Age |
| 23:09 | Create | Villager (Male) |
| 23:09 | Create | Villager (Male) |
| 23:09 | Create | Villager (Male) |
| 23:17 | Build | Barracks |
| 23:25 | Create | Villager (Male) |
| 23:26 | Create | Villager (Male) |
| 23:26 | Create | Villager (Male) |
| 23:35 | Research | Bow Saw |
| 23:36 | Research | Bow Saw |
| 23:46 | Create | Villager (Male) |
| 24:46 | Create | Villager (Male) |
| 25:26 | Age | Imperial Age |
| 25:31 | Create | Trebuchet (Packed) |
| 25:32 | Create | Trebuchet (Packed) |
| 25:32 | Create | Trebuchet (Packed) |
| 25:41 | Create | Villager (Male) |
| 25:41 | Create | Villager (Male) |
| 25:41 | Create | Villager (Male) |
| 27:09 | Create | Villager (Male) |
| 27:09 | Create | Villager (Male) |
| 27:09 | Create | Villager (Male) |
| 27:34 | Build | House |
| 27:36 | Build | House |
| 27:57 | Build | House |
| 28:29 | Build | Mining Camp |
| 30:00 | Build | Town Center |
| 30:05 | Build | House |
| 30:41 | Create | Villager (Male) |
| 30:41 | Create | Villager (Male) |
| 30:41 | Create | Villager (Male) |
| 31:49 | Build | Mill |
| 31:55 | Build | Lumber Camp |
| 32:46 | Build | Town Center |
| 33:07 | Build | House |
| 33:08 | Build | House |
| 33:09 | Build | House |
| 33:10 | Build | House |
| 33:39 | Create | Villager (Male) |
| 33:39 | Create | Villager (Male) |
| 33:49 | Create | Villager (Male) |
| 33:50 | Create | Villager (Male) |
Build order — Clitinho
First 150 of 443 actions detected
| 0:00 | Create | Villager (Male) |
| 0:01 | Create | Villager (Male) |
| 0:01 | Create | Villager (Male) |
| 0:04 | Build | House |
| 0:07 | Build | House |
| 1:09 | Create | Villager (Male) |
| 1:26 | Create | Villager (Male) |
| 1:42 | Create | Villager (Male) |
| 1:43 | Create | Villager (Male) |
| 1:48 | Build | Lumber Camp |
| 2:19 | Create | Villager (Male) |
| 2:44 | Create | Villager (Male) |
| 2:44 | Create | Villager (Male) |
| 2:44 | Create | Villager (Male) |
| 3:06 | Create | Villager (Male) |
| 3:06 | Create | Villager (Male) |
| 3:31 | Create | Villager (Male) |
| 3:46 | Create | Villager (Male) |
| 3:46 | Create | Villager (Male) |
| 3:51 | Build | House |
| 3:54 | Build | House |
| 4:16 | Create | Villager (Male) |
| 4:49 | Build | Mill |
| 5:11 | Create | Villager (Male) |
| 5:11 | Create | Villager (Male) |
| 5:11 | Create | Villager (Male) |
| 5:12 | Create | Villager (Male) |
| 5:12 | Create | Villager (Male) |
| 5:57 | Create | Villager (Male) |
| 5:57 | Create | Villager (Male) |
| 5:57 | Create | Villager (Male) |
| 5:57 | Create | Villager (Male) |
| 6:16 | Build | Mill |
| 8:06 | Create | Villager (Male) |
| 8:14 | Build | Farm |
| 8:16 | Build | Farm |
| 8:22 | Research | Feudal Age |
| 8:28 | Build | Mining Camp |
| 8:39 | Build | Farm |
| 8:41 | Build | Farm |
| 8:55 | Create | Villager (Male) |
| 8:55 | Create | Villager (Male) |
| 9:12 | Build | House |
| 9:21 | Build | House |
| 10:56 | Age | Feudal Age |
| 11:01 | Build | Blacksmith |
| 11:04 | Research | Double-Bit Axe |
| 11:35 | Build | Market |
| 11:42 | Create | Villager (Male) |
| 11:43 | Create | Villager (Male) |
| 11:43 | Create | Villager (Male) |
| 12:10 | Build | Farm |
| 12:27 | Research | Castle Age |
| 14:40 | Create | Villager (Male) |
| 14:45 | Research | Wheelbarrow |
| 15:01 | Build | Farm |
| 15:16 | Age | Castle Age |
| 15:22 | Build | Town Center |
| 15:32 | Build | Town Center |
| 15:44 | Build | Town Center |
| 16:05 | Research | Bow Saw |
| 16:08 | Research | Horse Collar |
| 16:35 | Build | House |
| 16:37 | Build | House |
| 16:46 | Research | Loom |
| 16:53 | Create | Villager (Male) |
| 16:53 | Create | Villager (Male) |
| 16:59 | Build | Farm |
| 17:04 | Build | Farm |
| 17:16 | Create | Villager (Male) |
| 17:16 | Create | Villager (Male) |
| 17:22 | Build | Farm |
| 17:29 | Build | Farm |
| 17:41 | Create | Villager (Male) |
| 17:41 | Create | Villager (Male) |
| 17:41 | Create | Villager (Male) |
| 17:42 | Create | Villager (Male) |
| 17:42 | Create | Villager (Male) |
| 18:04 | Build | Farm |
| 18:10 | Build | Farm |
| 18:17 | Create | Villager (Male) |
| 18:17 | Create | Villager (Male) |
| 18:17 | Create | Villager (Male) |
| 18:18 | Create | Villager (Male) |
| 18:18 | Create | Villager (Male) |
| 18:18 | Create | Villager (Male) |
| 18:30 | Build | House |
| 18:32 | Build | House |
| 18:55 | Research | Heavy Plow |
| 19:03 | Build | Farm |
| 19:07 | Build | Farm |
| 19:14 | Build | Farm |
| 19:17 | Build | Farm |
| 19:20 | Create | Villager (Male) |
| 19:20 | Create | Villager (Male) |
| 19:20 | Create | Villager (Male) |
| 19:41 | Create | Villager (Male) |
| 19:42 | Create | Villager (Male) |
| 19:42 | Create | Villager (Male) |
| 19:50 | Build | Farm |
| 19:54 | Build | Farm |
| 19:59 | Build | Farm |
| 20:09 | Create | Villager (Male) |
| 20:14 | Build | Farm |
| 20:16 | Create | Villager (Male) |
| 20:17 | Create | Villager (Male) |
| 20:17 | Create | Villager (Male) |
| 20:17 | Create | Villager (Male) |
| 20:25 | Build | Farm |
| 20:28 | Build | Farm |
| 20:30 | Build | Farm |
| 20:35 | Create | Villager (Male) |
| 20:35 | Create | Villager (Male) |
| 20:45 | Build | Farm |
| 20:51 | Build | Lumber Camp |
| 21:00 | Create | Villager (Male) |
| 21:00 | Create | Villager (Male) |
| 21:00 | Create | Villager (Male) |
| 21:21 | Create | Villager (Male) |
| 21:22 | Create | Villager (Male) |
| 21:22 | Create | Villager (Male) |
| 21:22 | Create | Villager (Male) |
| 21:22 | Create | Villager (Male) |
| 21:34 | Build | Barracks |
| 21:43 | Create | Villager (Male) |
| 21:43 | Create | Villager (Male) |
| 21:43 | Create | Villager (Male) |
| 21:44 | Create | Villager (Male) |
| 21:44 | Create | Villager (Male) |
| 21:50 | Build | Farm |
| 21:54 | Build | Farm |
| 22:01 | Build | Mill |
| 22:04 | Build | Farm |
| 22:13 | Build | Farm |
| 22:17 | Build | Farm |
| 22:22 | Build | Farm |
| 22:27 | Create | Villager (Male) |
| 22:27 | Create | Villager (Male) |
| 22:27 | Create | Villager (Male) |
| 22:27 | Create | Villager (Male) |
| 22:28 | Create | Villager (Male) |
| 22:30 | Create | Villager (Male) |
| 22:30 | Create | Villager (Male) |
| 22:30 | Create | Villager (Male) |
| 22:41 | Build | Archery Range |
| 22:44 | Build | Archery Range |
| 22:51 | Build | House |
| 22:54 | Build | House |
| 22:57 | Build | House |
| 23:02 | Research | Hand Cart |
Build order — Rbofff
First 150 of 349 actions detected
| 0:01 | Create | Villager (Male) |
| 0:01 | Create | Villager (Male) |
| 0:01 | Create | Villager (Male) |
| 0:02 | Create | Villager (Male) |
| 0:03 | Build | House |
| 0:04 | Build | House |
| 1:24 | Create | Villager (Male) |
| 1:24 | Create | Villager (Male) |
| 1:50 | Create | Villager (Male) |
| 1:50 | Create | Villager (Male) |
| 2:25 | Create | Villager (Male) |
| 2:25 | Create | Villager (Male) |
| 3:01 | Create | Villager (Male) |
| 3:01 | Create | Villager (Male) |
| 3:12 | Create | Villager (Male) |
| 3:31 | Build | House |
| 3:50 | Create | Villager (Male) |
| 3:51 | Create | Villager (Male) |
| 3:55 | Build | Mill |
| 4:15 | Create | Villager (Male) |
| 4:16 | Create | Villager (Male) |
| 4:26 | Build | Lumber Camp |
| 4:30 | Create | Villager (Male) |
| 4:31 | Create | Villager (Male) |
| 4:45 | Create | Villager (Male) |
| 4:45 | Create | Villager (Male) |
| 4:45 | Create | Villager (Male) |
| 6:17 | Create | Villager (Male) |
| 6:29 | Create | Villager (Male) |
| 6:35 | Build | House |
| 7:06 | Create | Villager (Male) |
| 7:21 | Create | Villager (Male) |
| 7:40 | Research | Feudal Age |
| 7:42 | Build | Mining Camp |
| 8:22 | Build | Mill |
| 9:55 | Build | House |
| 10:11 | Create | Villager (Male) |
| 10:16 | Age | Feudal Age |
| 10:21 | Build | Barracks |
| 10:23 | Create | Villager (Male) |
| 11:03 | Create | Villager (Male) |
| 11:20 | Build | House |
| 11:24 | Create | Villager (Male) |
| 11:59 | Build | Stable |
| 12:02 | Create | Villager (Male) |
| 12:18 | Research | Double-Bit Axe |
| 12:30 | Create | Villager (Male) |
| 12:45 | Build | Blacksmith |
| 12:54 | Create | Villager (Male) |
| 13:03 | Build | Farm |
| 13:11 | Build | Farm |
| 13:20 | Research | Castle Age |
| 13:20 | Research | Castle Age |
| 13:32 | Build | Farm |
| 13:41 | Build | Farm |
| 13:53 | Research | Horse Collar |
| 13:57 | Build | Lumber Camp |
| 14:06 | Create | Scout Cavalry |
| 14:06 | Create | Scout Cavalry |
| 14:21 | Build | Farm |
| 14:33 | Create | Villager (Male) |
| 14:49 | Build | Farm |
| 14:51 | Research | Horse Collar |
| 15:34 | Research | Bloodlines |
| 15:41 | Build | Farm |
| 15:41 | Build | Farm |
| 15:42 | Build | Farm |
| 15:42 | Build | Farm |
| 16:00 | Age | Castle Age |
| 16:15 | Create | Villager (Male) |
| 16:22 | Build | Monastery |
| 16:23 | Create | Villager (Male) |
| 16:30 | Build | Farm |
| 16:54 | Build | House |
| 16:57 | Build | Farm |
| 16:59 | Create | Villager (Male) |
| 17:11 | Create | Monk |
| 17:24 | Build | House |
| 17:27 | Build | Farm |
| 17:28 | Create | Villager (Male) |
| 17:35 | Research | Bow Saw |
| 17:35 | Research | Bow Saw |
| 17:40 | Create | Villager (Male) |
| 17:49 | Build | Farm |
| 17:51 | Create | Villager (Male) |
| 18:08 | Create | Monk |
| 18:27 | Create | Villager (Male) |
| 18:46 | Build | Town Center |
| 19:03 | Build | Farm |
| 19:16 | Create | Knight |
| 19:16 | Create | Knight |
| 19:20 | Create | Villager (Male) |
| 19:23 | Research | Gold Mining |
| 19:32 | Build | Farm |
| 19:34 | Create | Villager (Male) |
| 20:05 | Build | Farm |
| 20:07 | Create | Villager (Male) |
| 20:07 | Create | Villager (Male) |
| 20:09 | Create | Villager (Male) |
| 20:11 | Build | House |
| 20:12 | Build | House |
| 20:23 | Research | Wheelbarrow |
| 20:27 | Build | Farm |
| 20:32 | Create | Villager (Male) |
| 20:34 | Build | Farm |
| 20:54 | Create | Villager (Male) |
| 20:57 | Build | House |
| 20:59 | Build | House |
| 21:00 | Build | Farm |
| 21:07 | Build | Farm |
| 21:13 | Create | Villager (Male) |
| 21:29 | Build | Farm |
| 21:30 | Create | Villager (Male) |
| 21:34 | Build | Stable |
| 21:35 | Build | Stable |
| 21:37 | Research | Forging |
| 21:37 | Research | Forging |
| 21:39 | Create | Villager (Male) |
| 21:41 | Create | Knight |
| 21:42 | Create | Knight |
| 21:42 | Create | Knight |
| 21:52 | Create | Villager (Male) |
| 21:54 | Build | Farm |
| 22:10 | Create | Villager (Male) |
| 22:13 | Build | House |
| 22:16 | Create | Villager (Male) |
| 22:18 | Build | Farm |
| 22:19 | Create | Villager (Male) |
| 22:21 | Create | Villager (Male) |
| 22:29 | Build | Stable |
| 22:45 | Research | Scale Barding Armor |
| 22:48 | Build | Farm |
| 22:52 | Build | Farm |
| 22:54 | Create | Villager (Male) |
| 22:59 | Build | House |
| 23:01 | Create | Villager (Male) |
| 23:05 | Create | Knight |
| 23:06 | Create | Knight |
| 23:06 | Create | Knight |
| 23:13 | Build | Farm |
| 23:18 | Build | Farm |
| 23:20 | Create | Villager (Male) |
| 23:31 | Create | Villager (Male) |
| 23:32 | Build | Farm |
| 23:42 | Build | House |
| 23:59 | Create | Villager (Male) |
| 24:02 | Build | Farm |
| 24:42 | Create | Villager (Male) |
| 24:42 | Create | Villager (Male) |
| 24:45 | Build | Farm |
Build order — Barba_Tiesa
First 150 of 172 actions detected
| 0:02 | Create | Villager (Male) ×4 |
| 0:03 | Build | House |
| 0:05 | Build | House |
| 1:28 | Create | Villager (Male) |
| 1:29 | Create | Villager (Male) |
| 1:50 | Create | Villager (Male) |
| 1:50 | Create | Villager (Male) |
| 1:52 | Build | Lumber Camp |
| 2:26 | Create | Villager (Male) |
| 2:27 | Create | Villager (Male) |
| 2:56 | Create | Villager (Male) |
| 2:56 | Create | Villager (Male) |
| 3:14 | Create | Villager (Male) |
| 3:34 | Build | Mill |
| 3:41 | Create | Villager (Male) |
| 3:55 | Build | House |
| 4:18 | Create | Villager (Male) |
| 4:18 | Create | Villager (Male) |
| 4:34 | Create | Villager (Male) |
| 4:34 | Create | Villager (Male) |
| 4:57 | Create | Villager (Male) |
| 4:57 | Create | Villager (Male) |
| 5:27 | Create | Villager (Male) |
| 5:28 | Create | Villager (Male) |
| 5:50 | Build | House |
| 5:54 | Create | Villager (Male) |
| 5:55 | Create | Villager (Male) |
| 5:55 | Create | Villager (Male) |
| 5:55 | Create | Villager (Male) |
| 6:19 | Create | Villager (Male) |
| 7:25 | Build | Mining Camp |
| 7:43 | Create | Villager (Male) |
| 7:47 | Create | Villager (Male) |
| 7:52 | Build | House |
| 8:16 | Research | Feudal Age |
| 8:17 | Research | Loom |
| 9:43 | Build | Mining Camp |
| 10:11 | Age | Feudal Age |
| 10:13 | Build | Blacksmith |
| 10:22 | Create | Villager (Male) |
| 10:41 | Create | Villager (Male) |
| 11:10 | Build | Mill |
| 11:24 | Create | Villager (Male) |
| 11:53 | Create | Villager (Male) |
| 12:08 | Build | Market |
| 12:13 | Create | Villager (Male) |
| 12:52 | Research | Castle Age |
| 13:47 | Research | Double-Bit Axe |
| 13:48 | Research | Horse Collar |
| 14:28 | Age | Castle Age |
| 14:35 | Build | Castle |
| 15:59 | Research | Fletching |
| 16:04 | Create | Villager (Male) |
| 16:07 | Build | Farm |
| 16:11 | Build | Farm |
| 16:12 | Build | Farm |
| 16:15 | Build | Farm |
| 16:15 | Build | Farm |
| 16:16 | Build | Farm |
| 16:16 | Build | Farm |
| 16:16 | Build | Farm |
| 16:17 | Build | Farm |
| 16:17 | Build | Farm |
| 16:17 | Build | Farm |
| 16:31 | Build | Mining Camp |
| 17:08 | Create | Villager (Male) |
| 17:29 | Create | Villager (Male) |
| 17:36 | Build | Lumber Camp |
| 18:05 | Create | Villager (Male) |
| 18:10 | Build | Farm |
| 18:52 | Create | Villager (Male) |
| 19:20 | Create | Villager (Male) |
| 19:31 | Create | Karambit Warrior |
| 19:37 | Create | Villager (Male) |
| 19:43 | Build | Mining Camp |
| 19:59 | Create | Villager (Male) |
| 20:20 | Create | Villager (Male) |
| 20:58 | Create | Villager (Male) |
| 21:24 | Create | Villager (Male) |
| 21:27 | Build | House |
| 21:38 | Create | Villager (Male) |
| 22:31 | Research | Imperial Age |
| 22:43 | Build | Castle |
| 23:19 | Research | Bow Saw |
| 23:37 | Research | Gold Mining |
| 24:25 | Age | Imperial Age |
| 24:28 | Create | Villager (Male) |
| 24:36 | Create | Trebuchet (Packed) |
| 24:54 | Create | Villager (Male) |
| 24:57 | Research | Wheelbarrow |
| 25:24 | Create | Trebuchet (Packed) |
| 25:24 | Create | Trebuchet (Packed) |
| 25:31 | Create | Villager (Male) |
| 26:01 | Research | Heavy Plow |
| 26:35 | Research | Forging |
| 26:38 | Research | Conscription |
| 26:41 | Create | Karambit Warrior |
| 26:42 | Create | Karambit Warrior |
| 26:42 | Create | Karambit Warrior |
| 26:42 | Create | Karambit Warrior |
| 26:43 | Create | Karambit Warrior |
| 26:53 | Build | Town Center |
| 27:01 | Create | Karambit Warrior |
| 27:02 | Create | Karambit Warrior |
| 27:02 | Create | Karambit Warrior |
| 27:23 | Create | Karambit Warrior |
| 27:24 | Create | Karambit Warrior |
| 27:31 | Build | Barracks |
| 27:47 | Create | Karambit Warrior |
| 27:47 | Create | Karambit Warrior |
| 27:47 | Create | Karambit Warrior |
| 28:04 | Create | Villager (Male) |
| 28:05 | Create | Villager (Male) |
| 28:05 | Create | Villager (Male) |
| 28:11 | Build | Town Center |
| 28:31 | Create | Villager (Male) ×3 |
| 28:42 | Research | Hand Cart |
| 28:52 | Create | Villager (Male) |
| 30:00 | Create | Villager (Male) ×5 |
| 30:12 | Build | Farm |
| 30:12 | Build | Farm |
| 30:31 | Create | Karambit Warrior ×2 |
| 30:59 | Create | Villager (Male) ×3 |
| 31:07 | Build | Mining Camp |
| 31:52 | Research | Iron Casting |
| 32:00 | Build | Farm |
| 32:00 | Build | Farm |
| 32:00 | Build | Farm |
| 32:01 | Build | Farm |
| 32:01 | Build | Farm |
| 32:01 | Build | Farm |
| 32:06 | Build | Farm |
| 32:06 | Build | Farm |
| 32:06 | Build | Farm |
| 32:07 | Build | Farm |
| 32:07 | Build | Farm |
| 32:07 | Build | Farm |
| 32:07 | Build | Farm |
| 32:15 | Create | Villager (Male) |
| 33:26 | Research | Bodkin Arrow |
| 33:28 | Create | Villager (Male) ×4 |
| 33:32 | Build | Farm |
| 33:32 | Build | Farm |
| 33:32 | Build | Farm |
| 33:33 | Build | Farm |
| 33:33 | Build | Farm |
| 33:33 | Build | Farm |
| 33:38 | Build | Mill |
| 33:38 | Build | Farm |
| 33:39 | Build | Farm |
Build order — pindiboy
First 150 of 292 actions detected
| 0:06 | Create | Villager (Male) |
| 0:06 | Create | Villager (Male) |
| 0:06 | Create | Villager (Male) |
| 0:06 | Create | Villager (Male) |
| 0:07 | Create | Villager (Male) |
| 0:09 | Build | House |
| 0:11 | Build | House |
| 1:32 | Create | Villager (Male) |
| 1:32 | Create | Villager (Male) |
| 1:56 | Create | Villager (Male) |
| 1:56 | Create | Villager (Male) |
| 2:27 | Build | Lumber Camp |
| 2:28 | Create | Villager (Male) |
| 2:33 | Create | Villager (Male) |
| 2:33 | Create | Villager (Male) |
| 3:08 | Create | Villager (Male) |
| 3:09 | Create | Villager (Male) |
| 3:13 | Build | House |
| 3:14 | Build | House |
| 4:11 | Create | Villager (Male) |
| 4:12 | Create | Villager (Male) |
| 4:12 | Create | Villager (Male) |
| 4:12 | Create | Villager (Male) |
| 4:12 | Create | Villager (Male) |
| 4:13 | Create | Villager (Male) |
| 4:23 | Create | Villager (Male) |
| 5:30 | Build | Mill |
| 5:34 | Create | Villager (Male) |
| 6:47 | Create | Villager (Male) |
| 6:47 | Create | Villager (Male) |
| 6:54 | Build | Mill |
| 7:08 | Create | Villager (Male) |
| 7:35 | Create | Villager (Male) |
| 7:57 | Create | Villager (Male) |
| 8:26 | Research | Feudal Age |
| 9:04 | Build | Mining Camp |
| 10:00 | Build | House |
| 10:08 | Build | Farm |
| 10:10 | Build | Farm |
| 10:48 | Create | Villager (Male) |
| 10:48 | Create | Villager (Male) |
| 11:21 | Age | Feudal Age |
| 11:26 | Build | Market |
| 11:30 | Build | Blacksmith |
| 11:39 | Research | Double-Bit Axe |
| 11:41 | Research | Horse Collar |
| 11:52 | Build | Farm |
| 12:23 | Research | Castle Age |
| 12:48 | Build | Farm |
| 14:20 | Create | Villager (Male) |
| 14:21 | Create | Villager (Male) |
| 14:36 | Build | House |
| 15:03 | Age | Castle Age |
| 15:08 | Build | Town Center |
| 15:11 | Create | Villager (Male) |
| 15:16 | Build | Town Center |
| 15:31 | Build | Farm |
| 15:53 | Create | Villager (Male) |
| 15:58 | Build | Farm |
| 16:12 | Create | Villager (Male) |
| 16:12 | Create | Villager (Male) |
| 16:15 | Build | Farm |
| 16:20 | Build | Farm |
| 16:22 | Build | Farm |
| 16:28 | Research | Bow Saw |
| 16:31 | Create | Villager (Male) |
| 16:31 | Create | Villager (Male) |
| 16:32 | Create | Villager (Male) |
| 16:36 | Build | Farm |
| 16:44 | Create | Villager (Male) |
| 16:48 | Build | Farm |
| 16:52 | Build | Farm |
| 16:59 | Create | Villager (Male) |
| 17:04 | Build | Farm |
| 17:11 | Create | Villager (Male) |
| 17:15 | Build | Farm |
| 17:20 | Create | Villager (Male) ×3 |
| 17:29 | Create | Villager (Male) |
| 17:36 | Research | Loom |
| 17:40 | Build | Farm |
| 17:48 | Create | Villager (Male) |
| 17:52 | Build | Farm |
| 17:56 | Create | Villager (Male) |
| 18:00 | Build | Farm |
| 18:05 | Create | Villager (Male) |
| 18:05 | Create | Villager (Male) |
| 18:10 | Build | House |
| 18:11 | Build | House |
| 18:27 | Build | Town Center |
| 18:43 | Research | Wheelbarrow |
| 18:46 | Build | Farm |
| 18:54 | Build | Farm |
| 18:56 | Build | Farm |
| 18:59 | Build | Farm |
| 19:04 | Create | Villager (Male) ×2 |
| 19:12 | Build | Farm |
| 19:15 | Create | Villager (Male) |
| 19:22 | Create | Villager (Male) |
| 19:24 | Create | Villager (Male) |
| 19:27 | Build | House |
| 19:28 | Build | House |
| 19:37 | Build | Farm |
| 19:45 | Build | Farm |
| 19:47 | Create | Villager (Male) ×2 |
| 19:58 | Build | Farm |
| 19:58 | Build | Farm |
| 19:58 | Build | Farm |
| 19:59 | Build | Farm |
| 19:59 | Build | Farm |
| 20:05 | Create | Villager (Male) |
| 20:05 | Create | Villager (Male) |
| 20:07 | Create | Villager (Male) |
| 20:10 | Build | Farm |
| 20:14 | Build | Farm |
| 20:27 | Build | Farm |
| 20:31 | Create | Villager (Male) |
| 20:34 | Build | House |
| 20:36 | Create | Villager (Male) |
| 20:40 | Research | Heavy Plow |
| 20:44 | Build | Farm |
| 20:45 | Create | Villager (Male) |
| 20:55 | Create | Villager (Male) |
| 20:56 | Create | Villager (Male) |
| 20:59 | Create | Villager (Male) |
| 20:59 | Create | Villager (Male) |
| 21:00 | Create | Villager (Male) |
| 21:12 | Build | Farm |
| 21:12 | Build | Farm |
| 21:12 | Create | Villager (Male) |
| 21:12 | Create | Villager (Male) |
| 21:12 | Create | Villager (Male) |
| 21:17 | Build | Farm |
| 21:22 | Build | Farm |
| 21:22 | Create | Villager (Male) |
| 21:23 | Create | Villager (Male) |
| 21:24 | Create | Villager (Male) |
| 21:39 | Build | University |
| 21:40 | Create | Villager (Male) |
| 21:42 | Create | Villager (Male) |
| 21:43 | Create | Villager (Male) |
| 21:43 | Create | Villager (Male) |
| 21:50 | Build | House |
| 21:50 | Create | Villager (Male) |
| 22:00 | Create | Villager (Male) |
| 22:09 | Research | Gold Mining |
| 22:13 | Create | Villager (Male) |
| 22:16 | Create | Villager (Male) |
| 22:23 | Build | Farm |
| 22:23 | Build | Farm |
| 22:23 | Build | Farm |
Build order — myckro
First 150 of 224 actions detected
| 0:04 | Create | Villager (Male) |
| 0:04 | Create | Villager (Male) |
| 0:04 | Create | Villager (Male) |
| 0:04 | Create | Villager (Male) |
| 0:07 | Build | House |
| 0:09 | Build | House |
| 1:31 | Create | Villager (Male) |
| 1:32 | Create | Villager (Male) |
| 1:57 | Build | Lumber Camp |
| 2:02 | Create | Villager (Male) |
| 2:02 | Create | Villager (Male) |
| 2:33 | Create | Villager (Male) |
| 3:03 | Create | Villager (Male) |
| 3:04 | Create | Villager (Male) |
| 3:04 | Create | Villager (Male) |
| 3:49 | Create | Villager (Male) |
| 3:50 | Create | Villager (Male) |
| 4:12 | Build | House |
| 4:14 | Build | House |
| 4:15 | Build | House |
| 4:16 | Create | Villager (Male) |
| 4:16 | Create | Villager (Male) |
| 4:28 | Build | House |
| 4:43 | Create | Villager (Male) |
| 4:43 | Create | Villager (Male) |
| 4:52 | Build | Mill |
| 5:27 | Create | Villager (Male) |
| 5:27 | Create | Villager (Male) |
| 5:28 | Create | Villager (Male) |
| 5:38 | Build | Mining Camp |
| 6:00 | Create | Villager (Male) |
| 6:00 | Create | Villager (Male) |
| 6:10 | Create | Villager (Male) |
| 6:31 | Create | Villager (Male) |
| 6:59 | Create | Villager (Male) |
| 7:13 | Create | Villager (Male) |
| 7:13 | Create | Villager (Male) |
| 7:14 | Create | Villager (Male) |
| 7:45 | Create | Villager (Male) |
| 7:45 | Create | Villager (Male) |
| 8:10 | Create | Villager (Male) |
| 8:32 | Create | Villager (Male) |
| 10:20 | Research | Feudal Age |
| 10:41 | Create | Villager (Male) |
| 11:01 | Create | Villager (Male) |
| 11:20 | Build | Farm |
| 11:22 | Build | Farm |
| 11:23 | Build | Farm |
| 11:25 | Build | Farm |
| 11:27 | Build | Farm |
| 11:28 | Build | Farm |
| 11:43 | Build | Mill |
| 12:27 | Build | Mill |
| 12:37 | Age | Feudal Age |
| 12:43 | Build | Market |
| 12:48 | Build | Blacksmith |
| 13:54 | Research | Castle Age |
| 14:26 | Create | Villager (Male) |
| 16:34 | Age | Castle Age |
| 16:39 | Build | Siege Workshop |
| 16:43 | Build | Monastery |
| 16:54 | Build | Barracks |
| 18:08 | Research | Imperial Age |
| 18:23 | Build | Archery Range |
| 18:26 | Build | Archery Range |
| 19:08 | Research | Double-Bit Axe |
| 19:10 | Research | Horse Collar |
| 19:26 | Build | House |
| 19:28 | Build | House |
| 19:30 | Build | House |
| 19:32 | Build | House |
| 19:35 | Create | Villager (Male) |
| 19:36 | Create | Villager (Male) |
| 20:23 | Create | Monk |
| 20:46 | Create | Villager (Male) |
| 20:46 | Create | Villager (Male) |
| 20:47 | Create | Villager (Male) |
| 21:18 | Age | Imperial Age |
| 21:19 | Create | Bombard Cannon |
| 21:20 | Create | Bombard Cannon |
| 21:23 | Create | Hand Cannoneer |
| 21:23 | Create | Hand Cannoneer |
| 21:25 | Create | Hand Cannoneer |
| 21:25 | Create | Hand Cannoneer |
| 22:09 | Create | Bombard Cannon |
| 22:29 | Create | Villager (Male) |
| 22:34 | Build | House |
| 22:39 | Build | House |
| 22:41 | Create | Hand Cannoneer |
| 22:41 | Create | Hand Cannoneer |
| 22:42 | Create | Hand Cannoneer |
| 23:00 | Create | Hand Cannoneer |
| 23:00 | Create | Hand Cannoneer |
| 23:27 | Create | Hand Cannoneer |
| 23:27 | Create | Hand Cannoneer |
| 23:35 | Build | Town Center |
| 23:40 | Build | Town Center |
| 23:46 | Build | Farm |
| 23:52 | Build | Farm |
| 24:41 | Create | Hand Cannoneer |
| 24:41 | Create | Hand Cannoneer |
| 24:48 | Build | Stable |
| 24:51 | Create | Villager (Male) |
| 24:51 | Create | Villager (Male) |
| 24:51 | Create | Villager (Male) |
| 24:53 | Create | Villager (Male) |
| 25:22 | Build | Farm |
| 25:25 | Build | Farm |
| 25:27 | Create | Villager (Male) |
| 25:50 | Create | Villager (Male) |
| 25:52 | Build | Farm |
| 25:55 | Build | Farm |
| 25:57 | Build | Farm |
| 25:58 | Build | Farm |
| 26:08 | Build | Farm |
| 26:10 | Build | Farm |
| 26:17 | Create | Villager (Male) |
| 26:33 | Build | House |
| 26:52 | Create | Scout Cavalry |
| 26:52 | Create | Scout Cavalry |
| 27:47 | Build | Stable |
| 28:24 | Build | Farm |
| 28:24 | Build | Farm |
| 28:24 | Build | Farm |
| 28:25 | Build | Farm |
| 28:25 | Build | Farm |
| 28:25 | Build | Farm |
| 28:25 | Build | Farm |
| 28:26 | Build | Farm |
| 28:29 | Create | Villager (Male) |
| 28:30 | Create | Villager (Male) |
| 28:30 | Create | Villager (Male) |
| 28:30 | Create | Villager (Male) |
| 28:30 | Create | Villager (Male) |
| 28:31 | Create | Villager (Male) |
| 28:31 | Create | Villager (Male) |
| 28:31 | Create | Villager (Male) |
| 28:32 | Create | Villager (Male) |
| 28:32 | Create | Villager (Male) |
| 28:32 | Create | Villager (Male) |
| 28:44 | Build | House |
| 28:46 | Build | House |
| 28:49 | Create | Hand Cannoneer |
| 28:50 | Create | Hand Cannoneer |
| 30:09 | Build | Stable |
| 30:11 | Build | Stable |
| 30:16 | Create | Villager (Male) |
| 30:16 | Create | Villager (Male) |
| 30:18 | Research | Heavy Camel Rider (upgrade) |
| 30:20 | Create | Camel Scout |
Build order — IrRéelle
First 150 of 258 actions detected
| 0:03 | Create | Villager (Male) |
| 0:04 | Create | Villager (Male) |
| 0:05 | Build | House |
| 0:08 | Build | House |
| 0:13 | Create | Villager (Male) |
| 0:13 | Create | Villager (Male) |
| 0:13 | Create | Villager (Male) |
| 1:28 | Create | Villager (Male) |
| 1:41 | Create | Villager (Male) |
| 1:41 | Create | Villager (Male) |
| 2:28 | Create | Villager (Male) |
| 2:28 | Create | Villager (Male) |
| 2:35 | Build | Lumber Camp |
| 2:39 | Create | Villager (Male) |
| 2:39 | Create | Villager (Male) |
| 2:59 | Create | Villager (Male) |
| 2:59 | Create | Villager (Male) |
| 3:24 | Create | Villager (Male) |
| 3:24 | Create | Villager (Male) |
| 3:46 | Create | Villager (Male) |
| 3:47 | Create | Villager (Male) |
| 3:47 | Create | Villager (Male) |
| 3:55 | Build | House |
| 4:01 | Create | Villager (Male) |
| 4:01 | Create | Villager (Male) |
| 4:01 | Create | Villager (Male) |
| 4:31 | Create | Villager (Male) |
| 4:31 | Create | Villager (Male) |
| 5:00 | Create | Villager (Male) |
| 5:00 | Create | Villager (Male) |
| 5:11 | Build | Mill |
| 5:27 | Create | Villager (Male) |
| 6:10 | Create | Villager (Male) |
| 6:10 | Create | Villager (Male) |
| 6:13 | Build | House |
| 7:14 | Build | Mining Camp |
| 7:20 | Create | Villager (Male) |
| 7:21 | Create | Villager (Male) |
| 7:31 | Create | Villager (Male) |
| 7:31 | Create | Villager (Male) |
| 7:32 | Create | Villager (Male) |
| 8:04 | Create | Villager (Male) |
| 8:13 | Build | Mill |
| 8:33 | Create | Villager (Male) |
| 8:52 | Build | House |
| 9:06 | Create | Villager (Male) |
| 9:18 | Research | Feudal Age |
| 11:49 | Age | Feudal Age |
| 11:51 | Create | Villager (Male) |
| 12:23 | Build | Market |
| 12:31 | Create | Villager (Male) |
| 12:36 | Research | Double-Bit Axe |
| 12:53 | Build | Blacksmith |
| 13:02 | Create | Villager (Male) |
| 13:27 | Create | Villager (Male) |
| 13:41 | Research | Horse Collar |
| 13:45 | Research | Castle Age |
| 13:48 | Build | Farm |
| 13:49 | Build | Farm |
| 13:50 | Build | Farm |
| 13:51 | Build | Farm |
| 14:03 | Build | House |
| 14:05 | Build | House |
| 14:45 | Build | House |
| 14:56 | Build | Farm |
| 14:59 | Build | Farm |
| 15:00 | Build | Farm |
| 15:00 | Build | Farm |
| 15:00 | Build | Farm |
| 15:17 | Build | Farm |
| 15:20 | Build | Farm |
| 15:25 | Build | Farm |
| 15:28 | Build | Farm |
| 15:40 | Build | House |
| 15:41 | Build | House |
| 16:04 | Create | Villager (Male) |
| 16:32 | Age | Castle Age |
| 16:36 | Create | Villager (Male) |
| 16:37 | Create | Villager (Male) |
| 16:44 | Build | Monastery |
| 16:47 | Create | Villager (Male) |
| 17:05 | Build | House |
| 17:06 | Build | House |
| 17:14 | Build | Barracks |
| 17:16 | Build | House |
| 17:22 | Create | Villager (Male) |
| 17:30 | Build | Town Center |
| 17:44 | Build | Town Center |
| 17:48 | Create | Villager (Male) |
| 17:48 | Create | Villager (Male) |
| 17:58 | Build | Farm |
| 18:06 | Create | Villager (Male) |
| 18:06 | Create | Villager (Male) |
| 18:09 | Research | Bow Saw |
| 18:16 | Create | Villager (Male) |
| 18:25 | Create | Monk |
| 18:32 | Build | House |
| 18:34 | Build | House |
| 19:05 | Build | Mining Camp |
| 19:10 | Create | Villager (Male) |
| 19:19 | Research | Heavy Plow |
| 19:28 | Create | Villager (Male) |
| 19:28 | Create | Villager (Male) |
| 19:40 | Build | House |
| 19:42 | Build | House |
| 19:44 | Build | House |
| 19:47 | Create | Villager (Male) |
| 20:02 | Build | House |
| 20:03 | Build | House |
| 20:05 | Create | Villager (Male) |
| 20:20 | Create | Villager (Male) |
| 20:39 | Create | Villager (Male) |
| 20:42 | Build | Farm |
| 20:44 | Create | Villager (Male) |
| 20:46 | Build | Farm |
| 20:49 | Build | Farm |
| 20:51 | Build | Farm |
| 20:52 | Create | Villager (Male) |
| 20:55 | Create | Villager (Male) |
| 20:56 | Create | Villager (Male) |
| 20:59 | Build | House |
| 21:08 | Build | House |
| 21:09 | Build | House |
| 21:21 | Build | Farm |
| 21:28 | Build | Farm |
| 21:30 | Create | Villager (Male) |
| 21:42 | Build | University |
| 21:53 | Create | Villager (Male) |
| 22:02 | Build | Farm |
| 22:06 | Build | Farm |
| 22:07 | Create | Villager (Male) |
| 22:14 | Build | Farm |
| 22:17 | Build | Farm |
| 22:26 | Build | House |
| 22:47 | Research | Loom |
| 22:49 | Research | Wheelbarrow |
| 22:57 | Build | Farm |
| 23:06 | Create | Villager (Male) |
| 23:07 | Create | Villager (Male) |
| 23:10 | Create | Villager (Male) |
| 23:10 | Create | Villager (Male) |
| 23:15 | Build | House |
| 23:24 | Build | House |
| 23:27 | Build | House |
| 23:30 | Research | Gold Mining |
| 23:37 | Create | Villager (Male) |
| 23:37 | Create | Villager (Male) |
| 23:40 | Create | Villager (Male) |
| 23:40 | Create | Villager (Male) |
| 24:04 | Create | Villager (Male) |
Build order — Donald Trump
First 150 of 349 actions detected
| 0:02 | Build | House |
| 0:03 | Create | Villager (Male) |
| 0:03 | Create | Villager (Male) |
| 0:04 | Build | House |
| 0:25 | Create | Villager (Male) |
| 0:25 | Create | Villager (Male) |
| 0:25 | Create | Villager (Male) |
| 0:26 | Create | Villager (Male) |
| 1:03 | Create | Villager (Male) |
| 1:03 | Create | Villager (Male) |
| 1:03 | Create | Villager (Male) |
| 1:34 | Create | Villager (Male) |
| 1:34 | Create | Villager (Male) |
| 1:34 | Create | Villager (Male) |
| 1:53 | Create | Villager (Male) |
| 1:53 | Create | Villager (Male) |
| 2:24 | Create | Villager (Male) |
| 2:25 | Create | Villager (Male) |
| 2:44 | Build | Settlement |
| 2:49 | Create | Villager (Male) |
| 2:49 | Create | Villager (Male) |
| 3:22 | Create | Villager (Male) |
| 3:23 | Create | Villager (Male) |
| 3:26 | Create | Villager (Male) |
| 3:26 | Create | Villager (Male) |
| 3:26 | Create | Villager (Male) |
| 3:31 | Build | House |
| 3:34 | Build | House |
| 3:44 | Create | Villager (Male) |
| 3:44 | Create | Villager (Male) |
| 3:44 | Create | Villager (Male) |
| 5:14 | Create | Villager (Male) |
| 5:15 | Create | Villager (Male) |
| 5:47 | Build | Settlement |
| 5:53 | Create | Villager (Male) |
| 6:10 | Create | Villager (Male) |
| 6:26 | Create | Villager (Male) |
| 6:33 | Create | Villager (Male) |
| 7:36 | Create | Villager (Male) |
| 8:10 | Research | Feudal Age |
| 8:36 | Build | Farm |
| 8:39 | Build | Farm |
| 9:53 | Create | Villager (Male) |
| 9:53 | Create | Villager (Male) |
| 10:20 | Age | Feudal Age |
| 10:23 | Build | Market |
| 10:27 | Build | Blacksmith |
| 11:25 | Research | Castle Age |
| 12:28 | Research | Double-Bit Axe |
| 12:37 | Research | Horse Collar |
| 13:34 | Build | Farm |
| 13:36 | Build | Farm |
| 14:04 | Age | Castle Age |
| 14:07 | Build | Town Center |
| 14:32 | Build | Town Center |
| 14:34 | Create | Villager (Male) |
| 14:44 | Create | Villager (Male) |
| 15:03 | Research | Bow Saw |
| 15:05 | Create | Villager (Male) |
| 15:30 | Create | Villager (Male) |
| 15:41 | Create | Villager (Male) |
| 15:41 | Create | Villager (Male) |
| 15:53 | Build | House |
| 15:55 | Create | Villager (Male) |
| 15:59 | Create | Villager (Male) |
| 16:22 | Build | Monastery |
| 16:24 | Create | Villager (Male) |
| 16:28 | Create | Villager (Male) |
| 16:29 | Create | Villager (Male) |
| 16:35 | Build | Farm |
| 16:35 | Build | Farm |
| 16:37 | Create | Villager (Male) |
| 16:39 | Build | Farm |
| 16:43 | Build | Farm |
| 16:44 | Create | Villager (Male) |
| 16:51 | Build | Farm |
| 17:00 | Build | Farm |
| 17:02 | Create | Villager (Male) |
| 17:07 | Build | House |
| 17:09 | Create | Monk |
| 17:22 | Build | Farm |
| 17:22 | Build | Farm |
| 17:24 | Create | Villager (Male) |
| 17:29 | Build | Farm |
| 17:30 | Create | Villager (Male) |
| 17:39 | Build | Farm |
| 17:40 | Create | Villager (Male) |
| 17:43 | Build | House |
| 18:00 | Create | Villager (Male) |
| 18:02 | Build | House |
| 18:14 | Create | Villager (Male) |
| 18:14 | Create | Villager (Male) |
| 18:20 | Build | Farm |
| 18:20 | Build | Farm |
| 18:20 | Build | Farm |
| 18:21 | Build | Farm |
| 18:29 | Create | Villager (Male) |
| 18:34 | Build | Farm |
| 18:35 | Build | Farm |
| 18:35 | Build | Farm |
| 18:35 | Build | Farm |
| 18:37 | Create | Villager (Male) |
| 18:42 | Create | Villager (Male) |
| 18:42 | Create | Villager (Male) |
| 18:50 | Build | Farm |
| 18:58 | Build | House |
| 19:00 | Build | House |
| 19:01 | Create | Villager (Male) |
| 19:13 | Create | Villager (Male) |
| 19:14 | Create | Villager (Male) |
| 19:17 | Build | Farm |
| 19:18 | Create | Villager (Male) |
| 19:24 | Build | Farm |
| 19:31 | Build | Farm |
| 19:32 | Create | Villager (Male) |
| 19:33 | Create | Villager (Male) |
| 19:50 | Build | Town Center |
| 19:58 | Create | Villager (Male) |
| 19:59 | Create | Villager (Male) |
| 20:04 | Create | Villager (Male) |
| 20:04 | Create | Villager (Male) |
| 20:14 | Create | Villager (Male) |
| 20:17 | Build | House |
| 20:22 | Create | Villager (Male) |
| 20:28 | Build | Farm |
| 20:29 | Build | Farm |
| 20:30 | Create | Villager (Male) |
| 20:33 | Build | Farm |
| 20:33 | Build | Farm |
| 20:34 | Build | Farm |
| 20:35 | Create | Villager (Male) |
| 20:36 | Create | Villager (Male) |
| 20:36 | Create | Villager (Male) |
| 20:37 | Create | Villager (Male) |
| 20:37 | Create | Villager (Male) |
| 20:38 | Create | Villager (Male) |
| 20:46 | Create | Villager (Male) |
| 20:52 | Create | Villager (Male) |
| 20:56 | Build | House |
| 20:57 | Build | House |
| 21:11 | Create | Villager (Male) |
| 21:14 | Create | Villager (Male) |
| 21:14 | Create | Villager (Male) |
| 21:14 | Create | Villager (Male) |
| 21:17 | Build | Farm |
| 21:17 | Build | Farm |
| 21:17 | Build | Farm |
| 21:18 | Build | Farm |
| 21:22 | Create | Villager (Male) |
| 21:23 | Create | Villager (Male) |
Match timeline
| 1:06 | 乐乐真可爱吖 · wall_segment Palisade Wall x1 |
| 1:15 | 乐乐真可爱吖 · wall_segment Palisade Wall x1 |
| 1:18 | 乐乐真可爱吖 · wall_segment Palisade Wall x1 |
| 1:23 | 乐乐真可爱吖 · wall_segment Palisade Wall x1 |
| 1:30 | 乐乐真可爱吖 · wall_segment Palisade Wall x1 |
| 1:33 | 乐乐真可爱吖 · wall_segment Palisade Wall x1 |
| 1:38 | 乐乐真可爱吖 · wall_segment Palisade Wall x1 |
| 1:40 | 乐乐真可爱吖 · wall_segment Palisade Wall x1 |
| 2:08 | 乐乐真可爱吖 · wall_segment Palisade Wall x1 |
| 2:12 | 乐乐真可爱吖 · wall_segment Palisade Wall x1 |
| 2:18 | 乐乐真可爱吖 · wall_segment Palisade Wall x1 |
| 2:21 | 乐乐真可爱吖 · wall_segment Palisade Wall x1 |
| 2:23 | 乐乐真可爱吖 · wall_segment Palisade Wall x1 |
| 10:11 | Barba_Tiesa · age_up feudal |
| 10:16 | Rbofff · age_up feudal |
| 10:20 | Donald Trump · age_up feudal |
| 10:21 | Rbofff · first_building Barracks |
| 10:37 | 乐乐真可爱吖 · age_up feudal |
| 10:56 | Clitinho · age_up feudal |
| 11:21 | pindiboy · age_up feudal |
| 11:49 | IrRéelle · age_up feudal |
| 11:59 | Rbofff · first_building Stable |
| 12:37 | myckro · age_up feudal |
| 12:51 | Barba_Tiesa · first_market_buy 100 food |
| 13:11 | 乐乐真可爱吖 · first_market_buy 100 food |
| 13:12 | 乐乐真可爱吖 · first_market_sell 100 wood |
| 14:04 | Donald Trump · age_up castle |
| 14:28 | Barba_Tiesa · age_up castle |
| 14:35 | Barba_Tiesa · first_building Castle |
| 15:03 | pindiboy · age_up castle |
| 15:16 | Clitinho · age_up castle |
| 15:39 | Clitinho · first_market_buy 100 stone |
| 15:56 | 乐乐真可爱吖 · age_up castle |
| 16:00 | Rbofff · age_up castle |
| 16:18 | 乐乐真可爱吖 · first_building Castle |
| 16:22 | Rbofff · first_building Monastery |
| 16:22 | Donald Trump · first_building Monastery |
| 16:32 | IrRéelle · age_up castle |
| 16:34 | myckro · age_up castle |
| 16:39 | myckro · first_building Siege Workshop |
| 16:43 | myckro · first_building Monastery |
| 16:44 | IrRéelle · first_building Monastery |
| 16:54 | myckro · first_building Barracks |
| 17:14 | IrRéelle · first_building Barracks |
| 17:23 | 乐乐真可爱吖 · first_building Siege Workshop |
| 17:24 | myckro · first_market_buy 100 food |
| 18:21 | pindiboy · first_market_buy 100 stone |
| 18:23 | myckro · first_building Archery Range |
| 20:12 | Barba_Tiesa · first_market_sell 100 wood |
| 21:18 | myckro · age_up imperial |
| 21:34 | Clitinho · first_building Barracks |
| 21:55 | Donald Trump · first_building Barracks |
| 22:41 | Clitinho · first_building Archery Range |
| 23:07 | pindiboy · first_building Siege Workshop |
| 23:17 | 乐乐真可爱吖 · first_building Barracks |
| 23:37 | Donald Trump · first_building Castle |
| 23:56 | pindiboy · first_building Barracks |
| 24:23 | Clitinho · first_building Siege Workshop |
| 24:25 | Barba_Tiesa · age_up imperial |
| 24:48 | myckro · first_building Stable |
| 24:57 | Donald Trump · first_market_sell 100 wood |
| 25:09 | pindiboy · first_building Stable |
| 25:26 | 乐乐真可爱吖 · age_up imperial |
| 25:27 | Clitinho · first_building Monastery |
| 25:52 | IrRéelle · first_building Siege Workshop |
| 26:46 | Clitinho · first_building Castle |
| 26:50 | IrRéelle · first_market_buy 100 stone |
| 26:54 | IrRéelle · first_building Castle |
| 27:24 | pindiboy · first_building Castle |
| 27:31 | Barba_Tiesa · first_building Barracks |
| 28:18 | Donald Trump · age_up imperial |
| 28:27 | pindiboy · first_building Archery Range |
| 28:49 | Clitinho · age_up imperial |
| 28:51 | IrRéelle · age_up imperial |
| 29:14 | Rbofff · age_up imperial |
| 30:32 | pindiboy · age_up imperial |
| 31:28 | Rbofff · first_market_sell 100 food |
| 31:40 | Rbofff · first_building Castle |
| 32:42 | IrRéelle · first_building Archery Range |
| 34:53 | IrRéelle · resign |
| 35:40 | Barba_Tiesa · wall_segment Stone Wall x1 |
| 35:42 | 乐乐真可爱吖 · first_building Archery Range |
| 36:59 | myckro · first_building Castle |
[ AI ANALYSIS · 1 CREDIT ]
What really happened in this match?
Wolo.gg analyzes every decision: build order, eco, micro, common mistakes by bracket. Personalized analysis on WhatsApp or Discord in 30 seconds.
Civ guide
Vietnamese
Map guide
Arena
Perfil
Jugador #4879104